 Dungeon Crawl Stone Soup version 0.21.1-1-g345015f (webtiles) character file.

3882 raistware the Reanimator (level 10, -7/63 HPs)
             Began as a Mummy Necromancer on Mar 31, 2018.
             Shot with an arrow by a centaur (13 damage)
             ... on level 8 of the Dungeon.
             The game lasted 01:15:21 (13431 turns).

raistware the Reanimator (Mummy Necromancer)       Turns: 13431, Time: 01:15:22

Health: -7/63      AC:  6    Str: 12    XL:     10   Next: 0%
Magic:  6/24       EV: 12    Int: 17    God:
Gold:   540        SH:  0    Dex: 13    Spells: 24/29 levels left

rFire    x . .     SeeInvis .   w - +0 halberd (protect)
rCold    + + .     Gourm    .   (shield currently unavailable)
rNeg     + + +     Faith    .   a - +0 robe
rPois    ∞         Spirit   .   (no helmet)
rElec    .         Reflect  .   A - +0 cloak {MR+}
rCorr    .         Harm     .   (no gloves)
MR       ++...                  (no boots)
Stlth    ++........             (no amulet)
HPRegen  0.20/turn              p - ring of protection from cold
MPRegen  0.19/turn              m - +3 ring of protection

@: no status effects
A: no food or potions, fire vulnerability, cold resistance 1, negative energy
resistance 3, torment resistance, unbreathing
a: no special abilities


You were on level 8 of the Dungeon.
You were not hungry.

You visited 2 branches of the dungeon, and saw 9 of its levels.

You collected 540 gold pieces.

Inventory:

Hand Weapons
 l - a +2 dagger of flaming
 n - a +0 hunting sling of freezing
 u - a +0 whip
 w - a +0 halberd of protection (weapon)
 x - a +1 whip of holy wrath
Missiles
 C - 12 sling bullets
Armour
 a - a +0 robe (worn)
 c - a +1 animal skin
 k - +0 storm dragon scales
 A - a +0 cloak of magic resistance (worn)
Magical Staves
 E - an uncursed staff of conjuration
Jewellery
 g - a +2 ring of intelligence
 j - an uncursed ring of resist corrosion
 m - a +3 ring of protection (right hand)
 p - a ring of protection from cold (left hand)
 D - a +3 ring of strength
Wands
 z - a wand of paralysis (11)
 B - a wand of random effects (33)
Scrolls
 d - 2 scrolls of amnesia
 e - a scroll of enchant armour
 f - 2 scrolls of enchant weapon
 h - a scroll of magic mapping
 i - 4 scrolls of remove curse
 o - 2 scrolls of identify
 q - a scroll of noise
 r - 2 scrolls of random uselessness
 s - a scroll of blinking
 t - 2 scrolls of fear {unknown}
 y - 2 scrolls of immolation {unknown}
Books
 b - a book of Necromancy

   Spells                             Type                      Level
   a - Pain                           Necromancy                   1
   b - Animate Skeleton               Necromancy                   1
   c - Vampiric Draining              Necromancy                   3
   d - Regeneration                   Charms/Necromancy            3
   e - Animate Dead                   Necromancy                   4
   f - Borgnjor's Vile Clutch         Necromancy/Earth             5
 v - a book of Maledictions

   Spells                             Type                      Level
   a - Corona                         Hexes                        1
   b - Ensorcelled Hibernation        Hexes/Ice                    2
   c - Confuse                        Hexes                        3
   d - Tukima's Dance                 Hexes                        3
   e - Dazzling Spray                 Conjuration/Hexes            3


   Skills:
 - Level 1.5 Dodging
 + Level 2.7 Stealth
 + Level 10.2 Spellcasting
 * Level 11.9 Necromancy


You had 24 spell levels left.
You knew the following spells:

 Your Spells              Type           Power        Failure   Level  Hunger
a - Pain                  Necr           ####         1%          1    N/A
b - Animate Dead          Necr           N/A          1%          4    N/A

Dungeon Overview and Level Annotations

Branches:
Dungeon (8/15)             Temple (1/1) D:6
   Lair: D:8-11

Altars:
Ashenzari
Cheibriados
Dithmenos
Elyvilon
Fedhas
Gozag
Hepliaklqana
Kikubaaqudgha
Makhleb
Okawaru
Qazlal
Ru
Trog
Uskayaw
Vehumet
Wu Jian
Xom
Yredelemnul
Zin
The Shining One

Annotations:
D:2 exclusion: crimson imp


Innate Abilities, Weirdness & Mutations

You do not eat or drink.
Your flesh is vulnerable to fire.
You are immune to poison.
Your flesh is cold resistant. (rC+)
You are immune to negative energy. (rN+++)
You are immune to unholy pain and torment.
You can survive without breathing.


Message History

Confirm with . or Enter, or press ? or * to list all spells.
Aiming: Pain
Press: ? - help, Shift-Dir - straight line, f/p - centaur
Aim: a centaur, wielding a shortbow (moderately wounded, chance to defeat MR: 84%)
The centaur writhes in agony!
The centaur shoots an arrow.
The arrow hits you.
* * * LOW HITPOINT WARNING * * *
Casting: Pain
Confirm with . or Enter, or press ? or * to list all spells.
Aiming: Pain
Press: ? - help, Shift-Dir - straight line, f/p - centaur
Aim: a centaur, wielding a shortbow (severely wounded, chance to defeat MR: 84%)
The centaur writhes in agony!
The centaur shoots an arrow.
The arrow hits you but does no damage.
Casting: Pain
Confirm with . or Enter, or press ? or * to list all spells.
Aiming: Pain
Press: ? - help, Shift-Dir - straight line, f/p - centaur
Aim: a centaur, wielding a shortbow (severely wounded, chance to defeat MR: 84%)
The centaur writhes in agony!
The centaur shoots an arrow.
The arrow hits you!
You die...

..................#
.#####)..########.#
.........########.#
.#####....%.......#
################..#
.......### #..#
#...c..# #.(#
#.....## #..#
#...(..### #@.#
###..Z...###..###
######(([c....#
#####..#(# #..#.#
#..#.# #..#.#
###.#.# ##.....#


You could see a centaur.

Vanquished Creatures
  Prince Ribbit (D:5)
  A hippogriff (D:6)
  A spriggan (D:8)
  Grum (D:8)
  A phantom (D:6)
  A hornet zombie (D:6)
  An orc warrior (D:8)
  2 sky beasts
  4 ogres
  An ice beast (D:7)
  3 wolves (D:8)
  A centaur (D:7)
  3 big kobolds
  A water moccasin zombie (D:7)
  5 scorpions
  2 jellies
  2 crimson imps
  2 howler monkeys
  2 bullfrog zombies (D:6)
  A centaur zombie (D:6)
  3 hounds
  A quasit (D:7)
  Crazy Yiuf (D:7)
  An orc priest (D:7)
  3 orc wizards
  4 bullfrog skeletons
  3 iguanas
  4 worker ants
  2 hound zombies (D:6)
  A worker ant zombie (D:8)
  5 gnolls (D:5)
  A howler monkey skeleton (D:8)
  9 adders
  A shadow imp (D:7)
  2 oozes
  2 adder zombies (D:6)
  3 adder skeletons
  A worm (D:2)
  2 dart slugs
  6 leopard geckos
  23 orcs
  4 giant cockroaches
  19 goblins
  33 hobgoblins
  13 kobolds
  5 quokkas
  2 ball pythons
  10 bats
  6 frilled lizards
  A jackal zombie (D:6)
  2 quokka zombies
  4 rats
213 creatures vanquished.

Vanquished Creatures (collateral kills)
  A yak (D:8)
  An ice beast (D:6)
  2 ogres
  A crimson imp (D:8)
  A bullfrog skeleton (D:8)
  2 gnolls (D:5)
  2 adder skeletons
  A worm (D:6)
  An orc (D:6)
  10 goblins (D:5)
  2 hobgoblins (D:5)
  A kobold (D:8)
25 creatures vanquished.

Vanquished Creatures (others)
  A sky beast (D:8)
1 creature vanquished.

Grand Total: 239 creatures vanquished

Notes
Turn   | Place    | Note
-------+----------+-------------------------------------------
     0 | D:1      | raistware the Mummy Necromancer began the quest for the Orb.
     0 | D:1      | Reached XP level 1. HP: 13/13 MP: 4/4
   269 | D:1      | Reached XP level 2. HP: 19/19 MP: 3/5
   960 | D:2      | Reached XP level 3. HP: 24/24 MP: 4/7
  1173 | D:2      | Reached skill level 5 in Necromancy
  1558 | D:2      | Reached XP level 4. HP: 30/30 MP: 0/9
  1671 | D:2      | Found an ornate altar of the Wu Jian Council.
  1672 | D:2      | Found a radiant altar of Vehumet.
  1674 | D:2      | Found a hide-covered altar of Uskayaw.
  2524 | D:3      | Found a snail-covered altar of Cheibriados.
  3019 | D:4      | Reached XP level 5. HP: 33/35 MP: 0/11
  3118 | D:4      | Noticed a black bear
  3130 | D:4      | Reached skill level 6 in Necromancy
  3718 | D:4      | Found a sacrificial altar of Ru.
  3964 | D:4      | Reached XP level 6. HP: 41/41 MP: 6/12
  3970 | D:4      | Learned a level 4 spell: Animate Dead
  4275 | D:5      | Entered Level 5 of the Dungeon
  4382 | D:5      | Found a white marble altar of Elyvilon.
  4572 | D:5      | Found an opulent altar of Gozag.
  4671 | D:5      | Reached skill level 5 in Spellcasting
  4737 | D:5      | Reached skill level 7 in Necromancy
  5375 | D:5      | Reached XP level 7. HP: 33/46 MP: 6/15
  6077 | D:5      | Noticed Prince Ribbit
  6121 | D:5      | Killed Prince Ribbit
  6121 | D:5      | Reached skill level 8 in Necromancy
  6659 | D:6      | Reached XP level 8. HP: 47/52 MP: 15/18
  6694 | D:6      | Found a staircase to the Ecumenical Temple.
  7068 | D:6      | Reached skill level 9 in Necromancy
  8172 | Temple   | Entered the Ecumenical Temple
  8630 | D:7      | Noticed a hippogriff
  9326 | D:7      | Reached skill level 10 in Necromancy
  9714 | D:7      | Found an ancient bone altar of Kikubaaqudgha.
  9773 | D:7      | Reached XP level 9. HP: 57/57 MP: 15/21
  9857 | D:7      | Found a shimmering altar of Xom.
  9858 | D:7      | Found a shimmering altar of Xom.
 10135 | D:7      | Found a shimmering altar of Xom.
 10259 | D:7      | Found a runed door.
 10332 | D:7      | Noticed Crazy Yiuf
 10345 | D:7      | Killed Crazy Yiuf
 11262 | D:7      | Found a shadowy altar of Dithmenos.
 11263 | D:7      | Found an iron altar of Okawaru.
 11656 | D:8      | Noticed a two-headed ogre
 11661 | D:8      | Reached skill level 11 in Necromancy
 11933 | D:8      | Found a shattered altar of Ashenzari.
 12216 | D:8      | Noticed Grum
 12241 | D:8      | Killed Grum
 12858 | D:8      | Reached skill level 10 in Spellcasting
 13405 | D:8      | Reached XP level 10. HP: 26/63 MP: 9/24
 13431 | D:8      | Shot with an arrow by a centaur

Skill      XL: |  1  2  3  4  5  6  7  8  9 |
---------------+----------------------------+-----
Spellcasting   | 3 4 5 6 8 10 | 10.2
Necromancy     | 5 6 7 8 10 11 | 11.9
Stealth        | 2 |  2.7
Dodging        | |  1.5

Action                   |  1- 3 |  4- 6 |  7- 9 | 10-12 || total
-------------------------+-------+-------+-------+-------++-------
Melee: Unarmed           |     1 |       |       |       ||     1
       Dagger            |    13 |    95 |    81 |       ||   189
       Halberd           |       |       |   149 |       ||   149
       Falchion          |       |       |     2 |       ||     2
 Fire: Hunting sling     |       |       |    42 |       ||    42
Throw: Stone             |       |       |     3 |       ||     3
 Cast: Pain              |    83 |   140 |   284 |     4 ||   511
       Animate Dead      |       |     5 |    34 |     1 ||    40
Evoke: Wand              |       |       |    38 |       ||    38
  Use: Scroll            |       |     3 |    11 |       ||    14
 Stab: Paralysed         |       |       |     2 |       ||     2
       Distracted        |       |       |     2 |       ||     2
Armor: Robe              |     4 |    30 |   147 |     1 ||   182
Dodge: Dodged            |    25 |    86 |   261 |     3 ||   375
